PL
ATLANTA SMOKE @ ATHLETIC CLUB KC
09/16/2022
 
TOP OF THE 1ST
Atlanta Smoke batting - Pitching for Athletic Club KC : LHP Bill Oulton
Pitching: LHP Bill Oulton
Batting: LHB Albert Morán 0-0: Ball
1-0: Ball
2-0: Ball
3-0: Base on Balls
Batting: RHB Mike Brown 0-0: Ball
Albert Morán is caught stealing 2nd base
1-0: Called Strike
1-1: Swinging Strike
1-2: Strikes out looking
Batting: RHB Bob Campbell 0-0: Fly out, F8 (Flyball, 8RM)
Top of the 1st over - 0 run(s), 0 hit(s), 0 error(s), 0 left on base; Atlanta 0 - Athletic Club KC 0
BOTTOM OF THE 1ST
Athletic Club KC batting - Pitching for Atlanta Smoke : LHP Júlio Hernández
Pitching: LHP Júlio Hernández
Batting: RHB Jorge Trevino 0-0: Ball
1-0: Called Strike
1-1: Swinging Strike
1-2: Ball
2-2: Fly out, F2 (Popup, 2RF)
Batting: SHB David Henderson 0-0: Ball
1-0: Ball
2-0: Ground out 4-3 (Groundball, 4)
Batting: RHB Ramón Souza 0-0: Ball
1-0: Ball
2-0: Ball
3-0: Foul Ball, location: 2F
3-1: Foul Ball, location: 2F
3-2: SINGLE (Line Drive, 6MD)
Batting: RHB John Downing 0-0: Called Strike
0-1: Called Strike
0-2: Foul Ball, location: 2F
0-2: Ball
1-2: Ground out 5-3 (Groundball, 5)
Bottom of the 1st over - 0 run(s), 1 hit(s), 0 error(s), 1 left on base; Atlanta 0 - Athletic Club KC 0
TOP OF THE 2ND
Atlanta Smoke batting - Pitching for Athletic Club KC : LHP Bill Oulton
Batting: RHB Iván Pérez 0-0: Called Strike
0-1: Ball
1-1: Ball
2-1: Fly out, F9 (Flyball, 9M)
Batting: RHB Chris Teague 0-0: Called Strike
0-1: Ball
1-1: Ball
2-1: Ball
3-1: Called Strike
3-2: Foul Ball, location: 2F
3-2: Strikes out swinging
Batting: RHB Cale Sutton 0-0: Called Strike
0-1: Swinging Strike
0-2: Ball
1-2: Foul Ball, location: 2F
1-2: Ball
2-2: Ball
3-2: Strikes out swinging
Top of the 2nd over - 0 run(s), 0 hit(s), 0 error(s), 0 left on base; Atlanta 0 - Athletic Club KC 0
BOTTOM OF THE 2ND
Athletic Club KC batting - Pitching for Atlanta Smoke : LHP Júlio Hernández
Batting: RHB Ed Hopkins 0-0: Called Strike
0-1: Called Strike
0-2: Fly out, F5 (Popup, 5F)
Batting: RHB Rick Atkinson 0-0: Ball
1-0: Swinging Strike
1-1: Called Strike
1-2: Ball
2-2: Foul Ball, location: 2F
2-2: Ball
3-2: Foul Ball, location: 2F
3-2: Foul Ball, location: 2F
3-2: Ground out 6-3 (Groundball, 6)
Batting: RHB Jake Collins 0-0: Ball
1-0: Foul Ball, location: 2F
1-1: Called Strike
1-2: Ground out 6-3 (Groundball, 6)
Bottom of the 2nd over - 0 run(s), 0 hit(s), 0 error(s), 0 left on base; Atlanta 0 - Athletic Club KC 0
TOP OF THE 3RD
Atlanta Smoke batting - Pitching for Athletic Club KC : LHP Bill Oulton
Batting: LHB Armando Esparza 0-0: Swinging Strike
0-1: Foul Ball, location: 2F
0-2: Strikes out looking
Batting: RHB Bartolo Morales 0-0: Ball
1-0: Ball
2-0: Called Strike
2-1: Called Strike
2-2: Foul Ball, location: 2F
2-2: Ball
3-2: Foul Ball, location: 2F
3-2: Base on Balls
Batting: RHB Mike Burns 0-0: Called Strike
0-1: Ball
1-1: Fly out, F5 (Line Drive, 5)
Batting: LHB Albert Morán 0-0: Called Strike
Bartolo Morales steals 2nd base
0-1: SINGLE (Line Drive, 4MD)
Bartolo Morales to third
Runner from 3rd tries for Home, SAFE, no throw or cutoff
Batting: RHB Mike Brown 0-0: Ball
1-0: Foul Ball, location: 2F
1-1: Called Strike
Albert Morán steals 2nd base
1-2: Foul Ball, location: 2F
1-2: Ball
2-2: Foul Ball, location: 2F
2-2: Ground out 6-3 (Groundball, 6)
Top of the 3rd over - 1 run(s), 1 hit(s), 0 error(s), 1 left on base; Atlanta 1 - Athletic Club KC 0
BOTTOM OF THE 3RD
Athletic Club KC batting - Pitching for Atlanta Smoke : LHP Júlio Hernández
Batting: RHB Todd Blake 0-0: Called Strike
0-1: SINGLE (Groundball, 13S) (infield hit)
Batting: SHB Evan Adams 0-0: Fly out, F8 (Flyball, 8RM)
Batting: RHB Jorge Trevino 0-0: Grounds into double play, 6-4-3 (Groundball, 6M)
Bottom of the 3rd over - 0 run(s), 1 hit(s), 0 error(s), 0 left on base; Atlanta 1 - Athletic Club KC 0
TOP OF THE 4TH
Atlanta Smoke batting - Pitching for Athletic Club KC : LHP Bill Oulton
Now at SS: Evan Adams
Batting: RHB Bob Campbell 0-0: Ball
1-0: Ground out U3 (Groundball, 3S)
Batting: RHB Iván Pérez 0-0: Called Strike
0-1: Called Strike
0-2: Ball
1-2: Fly out, F8 (Flyball, 8LXD)
Batting: RHB Chris Teague 0-0: Fly out, F7 (Flyball, 7D)
Top of the 4th over - 0 run(s), 0 hit(s), 0 error(s), 0 left on base; Atlanta 1 - Athletic Club KC 0
BOTTOM OF THE 4TH
Athletic Club KC batting - Pitching for Atlanta Smoke : LHP Júlio Hernández
Batting: SHB David Henderson 0-0: Ball
1-0: Ball
2-0: Called Strike
2-1: Called Strike
2-2: Ball
3-2: Strikes out swinging
Batting: RHB Ramón Souza 0-0: Ball
1-0: Ball
2-0: Ball
3-0: Base on Balls
Batting: RHB John Downing 0-0: Ball
1-0: Foul Ball, location: 2F
1-1: Swinging Strike
1-2: Grounds into double play, 6-4-3 (Groundball, 6)
Bottom of the 4th over - 0 run(s), 0 hit(s), 0 error(s), 0 left on base; Atlanta 1 - Athletic Club KC 0
TOP OF THE 5TH
Atlanta Smoke batting - Pitching for Athletic Club KC : LHP Bill Oulton
Batting: RHB Cale Sutton 0-0: Fly out, F8 (Line Drive, 8RM)
Batting: LHB Armando Esparza 0-0: SINGLE (Line Drive, 9S)
Batting: RHB Bartolo Morales 0-0: Fielders Choice at 2nd, 5-4 (Groundball, 5)
Batting: RHB Mike Burns 0-0: Ball
Bartolo Morales steals 2nd base
1-0: Ground out 5-3 (Groundball, 56)
Top of the 5th over - 0 run(s), 1 hit(s), 0 error(s), 1 left on base; Atlanta 1 - Athletic Club KC 0
BOTTOM OF THE 5TH
Athletic Club KC batting - Pitching for Atlanta Smoke : LHP Júlio Hernández
Batting: RHB Ed Hopkins 0-0: Called Strike
0-1: Ball
1-1: Hit by Pitch
Batting: RHB Rick Atkinson 0-0: Ball
1-0: Swinging Strike
1-1: Foul Ball, location: 2F
1-2: Ball
2-2: Foul Ball, location: 2F
2-2: Fly out, F7 (Flyball, 78XD)
Batting: RHB Jake Collins 0-0: Ball
1-0: Hit by Pitch
Ed Hopkins to second
Batting: RHB Todd Blake 0-0: Ball
1-0: Foul Ball, location: 2F
1-1: Foul Ball, location: 2F
1-2: Ball
2-2: Ball
3-2: Base on Balls
Ed Hopkins to third
Jake Collins to second
Batting: SHB Evan Adams 0-0: SINGLE (Groundball, 34)
Ed Hopkins scores
Jake Collins to third
Todd Blake to second
Runner from 3rd tries for Home, SAFE, throw made home
Todd Blake to third
Evan Adams to second
Batting: RHB Jorge Trevino 0-0: Ball
1-0: Ground out 6-3 (Groundball, 6)
Todd Blake scores
Batting: SHB David Henderson 0-0: Ball
1-0: Ground out 5-3 (Groundball, 56S)
Bottom of the 5th over - 3 run(s), 1 hit(s), 0 error(s), 1 left on base; Atlanta 1 - Athletic Club KC 3
TOP OF THE 6TH
Atlanta Smoke batting - Pitching for Athletic Club KC : LHP Bill Oulton
Batting: LHB Albert Morán 0-0: Ball
1-0: Ball
2-0: Ground out 3-1 (Groundball, 34)
Batting: RHB Mike Brown 0-0: Ball
1-0: Foul Ball, location: 2F
1-1: Swinging Strike
1-2: Foul Ball, location: 2F
1-2: Ball
2-2: Ball
3-2: Ground out 1-3 (Groundball, 13S)
Batting: RHB Bob Campbell 0-0: Ground out 4-3 (Groundball, 4M)
Top of the 6th over - 0 run(s), 0 hit(s), 0 error(s), 0 left on base; Atlanta 1 - Athletic Club KC 3
BOTTOM OF THE 6TH
Athletic Club KC batting - Pitching for Atlanta Smoke : LHP Júlio Hernández
Batting: RHB Ramón Souza 0-0: Ball
1-0: Ball
2-0: Called Strike
2-1: Ball
3-1: Swinging Strike
3-2: Ground out 1-3 (Groundball, 23)
Batting: RHB John Downing 0-0: Called Strike
0-1: Ball
1-1: Foul Ball, location: 2F
1-2: Ball
2-2: Strikes out swinging
Batting: RHB Ed Hopkins 0-0: Ball
1-0: Called Strike
1-1: Ball
2-1: Ball
3-1: SINGLE (Line Drive, 89S)
Batting: RHB Rick Atkinson 0-0: Ball
1-0: Fielders Choice at 2nd, 6-4 (Groundball, 6MS)
Bottom of the 6th over - 0 run(s), 1 hit(s), 0 error(s), 0 left on base; Atlanta 1 - Athletic Club KC 3
TOP OF THE 7TH
Atlanta Smoke batting - Pitching for Athletic Club KC : LHP Bill Oulton
Batting: RHB Iván Pérez 0-0: Foul Ball, location: 2F
0-1: Called Strike
0-2: Ball
1-2: Fly out, F8 (Flyball, 8RD)
Batting: RHB Chris Teague 0-0: Called Strike
0-1: Ball
1-1: Called Strike
1-2: Ball
2-2: Ball
3-2: Strikes out swinging
Batting: RHB Cale Sutton 0-0: Ball
1-0: Swinging Strike
1-1: Called Strike
1-2: Ball
2-2: Foul Ball, location: 2F
2-2: Foul Ball, location: 2F
2-2: Ball
3-2: Foul Ball, location: 2F
3-2: Fly out, F8 (Flyball, 8LS)
Top of the 7th over - 0 run(s), 0 hit(s), 0 error(s), 0 left on base; Atlanta 1 - Athletic Club KC 3
BOTTOM OF THE 7TH
Athletic Club KC batting - Pitching for Atlanta Smoke : LHP Júlio Hernández
Batting: RHB Jake Collins 0-0: Ball
1-0: Ball
2-0: Fly out, F9 (Flyball, 9M)
Batting: RHB Todd Blake 0-0: Ground out 5-3 (Groundball, 5)
Batting: SHB Evan Adams 0-0: Swinging Strike
0-1: Ball
1-1: Ball
2-1: SOLO HOME RUN (Line Drive, 78XD), Distance : 427 ft
Batting: RHB Jorge Trevino 0-0: Called Strike
0-1: Swinging Strike
0-2: Ball
1-2: Ball
2-2: Strikes out swinging
Bottom of the 7th over - 1 run(s), 1 hit(s), 0 error(s), 0 left on base; Atlanta 1 - Athletic Club KC 4
TOP OF THE 8TH
Atlanta Smoke batting - Pitching for Athletic Club KC : LHP Bill Oulton
Batting: LHB Armando Esparza 0-0: Ball
1-0: Called Strike
1-1: Ball
2-1: Foul Ball, location: 2F
2-2: Ground out 4-3 (Groundball, 4)
Batting: RHB Bartolo Morales 0-0: Ball
1-0: Called Strike
1-1: Swinging Strike
1-2: Ground out 5-3 (Groundball, 5S)
Batting: RHB Mike Burns 0-0: Ball
1-0: Foul Ball, location: 2F
1-1: Ball
2-1: Swinging Strike
2-2: Ball
3-2: Base on Balls
Batting: LHB Albert Morán 0-0: Fielders Choice at 2nd, 4-6 (Groundball, 6M)
Top of the 8th over - 0 run(s), 0 hit(s), 0 error(s), 0 left on base; Atlanta 1 - Athletic Club KC 4
BOTTOM OF THE 8TH
Athletic Club KC batting - Pitching for Atlanta Smoke : LHP Júlio Hernández
Batting: SHB David Henderson 0-0: Ball
1-0: Called Strike
1-1: Called Strike
1-2: Foul Ball, location: 2F
1-2: Foul Ball, location: 2F
1-2: SINGLE (Flyball, 89S)
Batting: RHB Ramón Souza 0-0: Fly out, F7 (Flyball, 78D)
Batting: RHB John Downing 0-0: Ball
1-0: Called Strike
1-1: Foul Ball, location: 2F
1-2: Strikes out swinging
Pitching: RHP Ted Locke
Batting: RHB Ed Hopkins 0-0: Ball
1-0: Fly out, F3 (Popup, 34)
Bottom of the 8th over - 0 run(s), 1 hit(s), 0 error(s), 1 left on base; Atlanta 1 - Athletic Club KC 4
TOP OF THE 9TH
Atlanta Smoke batting - Pitching for Athletic Club KC : LHP Bill Oulton
Batting: RHB Mike Brown 0-0: Ball
1-0: Called Strike
1-1: Swinging Strike
1-2: Foul Ball, location: 2F
1-2: Foul Ball, location: 2F
1-2: Ball
2-2: Ground out 5-3 (Groundball, 56)
Batting: RHB Bob Campbell 0-0: Called Strike
0-1: Ball
1-1: Ground out 5-3 (Groundball, 5S)
Pitching: RHP Gene Kirkland
Batting: RHB Iván Pérez 0-0: Called Strike
0-1: Ground out 6-3 (Groundball, 6MS)
Top of the 9th over - 0 run(s), 0 hit(s), 0 error(s), 0 left on base; Atlanta 1 - Athletic Club KC 4
This league is powered by Out of the Park Baseball, the baseball management simulation game for PC, Mac and Linux
Friday, April 15th, 2016 - OOTP Baseball 16.9 Build 39